 Dungeon Crawl Stone Soup version 0.24.0-13-gcf9b319 (webtiles) character file.

Game seed: 14035587945460552766, levelgen mode: deterministic

94 Bronimir the Slasher (level 4, -3/37 HPs)
             Began as a Centaur Gladiator on Apr 4, 2020.
             Killed by divine providence
             ... invoked by an orc priest
              (11 damage)
             ... on level 3 of the Dungeon.
             The game lasted 00:01:55 (2006 turns).

Bronimir the Slasher (Centaur Gladiator)            Turns: 2006, Time: 00:01:57

Health: -3/37      AC:  6    Str: 17    XL:     4   Next: 38%
Magic:  4/4        EV: 10    Int:  7    God:
Gold:   157        SH:  0    Dex: 11    Spells: 3/3 levels left

rFire    . . .     SeeInvis .   a - +0 long sword
rCold    . . .     Gourm    .   (no shield)
rNeg     . . .     Faith    .   b - +0 leather armour
rPois    .         Spirit   .   c - +0 helmet
rElec    .         Reflect  .   x - +0 cloak
rCorr    .         Harm     .   (no gloves)
MR       .....                  (no barding)
Stlth    +.........             v - amulet of the acrobat
HPRegen  0.12/turn              (no ring)
MPRegen  0.09/turn              (no ring)

@: very quick
A: large, hooves 3, deformed body, speed 2, tough skin 3
a: no special abilities


You were on level 3 of the Dungeon.
You were not hungry.

You visited 1 branch of the dungeon, and saw 3 of its levels.

You collected 157 gold pieces.

Inventory:

Hand Weapons
 a - a +0 long sword (weapon)
Missiles
 d - 3 throwing nets (quivered)
 g - 192 stones
 n - 51 arrows
 o - 25 poisoned darts
 s - 23 sling bullets
Armour
 b - a +0 leather armour (worn)
 c - a +0 helmet (worn)
 x - a +0 cloak (worn)
Jewellery
 v - an amulet of the acrobat (around neck)
 w - a +5 ring of dexterity {unknown}
Scrolls
 h - 2 scrolls of enchant weapon {unknown}
 i - a scroll of teleportation {unknown}
 k - a scroll of amnesia {unknown}
 l - a scroll of immolation {unknown}
 m - a scroll of enchant armour {unknown}
 p - a scroll of fog {unknown}
 r - a scroll of magic mapping {unknown}
 t - 3 scrolls of remove curse {unknown}
 u - 3 scrolls of identify {unknown}
Potions
 e - a potion of haste {unknown}
 j - 2 potions of mutation {unknown}
 q - 3 potions of heal wounds {unknown}
Comestibles
 f - 2 rations


   Skills:
 * Level 2.7 Fighting
 * Level 3.5 Long Blades
 + Level 2.2 Throwing
 * Level 1.1 Armour
 * Level 2.6 Dodging


You had 3 spell levels left.
You didn't know any spells.
Your spell library was empty.

Dungeon Overview and Level Annotations

Branches:
Dungeon (3/15)

Altars:
Trog
Xom
Zin


Innate Abilities, Weirdness & Mutations

You have hooves in place of feet.
Armour fits poorly on your strangely shaped body.
You cover ground very quickly.
You have extremely tough skin. (AC +3)


Message History

You hit the kobold. You kick the kobold.
The kobold is heavily wounded.
The quokka bites you. The kobold hits you but does no damage.
The kobold hits you with a +0 short sword.
The quokka bites you but does no damage.
You are too injured to fight recklessly!
You are too injured to fight recklessly!
You hit the kobold but do no damage. You kick the kobold, but do no damage.
The kobold is heavily wounded.
The quokka bites you.
* * * LOW HITPOINT WARNING * * *
The kobold hits you but does no damage.
You closely miss the kobold. Your kick misses the kobold.
The kobold is heavily wounded.
The quokka closely misses you.
The kobold hits you with a +0 short sword.
* * * LOW HITPOINT WARNING * * *
The orc priest mumbles some strange prayers to Beogh against you.
Beogh smites you!
You die...

._. #.###### .# ###
#.(..... ... ### #..#####
#..#######.#r>#....
)....... #.......
#########..#####......#
......o....r..........+
#########.Kr##.#.....#....#
..........@.........##....#
#####.......#.#.#..#######
#.#####.#.#.#..# #.#
###+#......# #)#
#.....#.##.# #.#
#..........#
#.###.....#.#####..
#.....#.#.#........
###..##.#.#.#..#


You could see an orc priest, a quokka and a kobold.

Vanquished Creatures
  5 adders
  An ooze (D:2)
  2 worms (D:2)
  A dart slug (D:1)
  2 leopard geckos (D:2)
  A giant cockroach (D:1)
  A goblin (D:1)
  9 hobgoblins
  5 bats
  A frilled lizard (D:1)
  5 kobolds
  4 rats
37 creatures vanquished.

Notes
Turn   | Place    | Note
-------+----------+-------------------------------------------
     0 | D:1      | Bronimir the Centaur Gladiator began the quest for the Orb.
     0 | D:1      | Reached XP level 1. HP: 17/17 MP: 1/1
   417 | D:1      | Reached XP level 2. HP: 21/24 MP: 2/2
   531 | D:1      | Reached skill level 3 in Long Blades
   774 | D:2      | Reached XP level 3. HP: 29/29 MP: 3/3
  1259 | D:2      | Reached XP level 4. HP: 35/37 MP: 4/4
  1790 | D:2      | Found a glowing silver altar of Zin.
  1849 | D:3      | Found a bloodstained altar of Trog.
  1867 | D:3      | Reached skill level 1 in Armour
  1989 | D:3      | Found a shimmering altar of Xom.
  2006 | D:3      | Killed from afar by an orc priest

Levels and vault maps discovered:
D:1:      lemuel_arrival_lava_pool, layout_rooms, minmay_indecisive_spiral
D:2:      minmay_general_purpose_star, layout_rooms, lemuel_round_altar
D:3:      layout_basic, nicolae_overflow_hidden_temple, lemuel_doored_altar,
          first_ration

Skill      XL: |  1  2  3  4 |
---------------+-------------+-----
Long Blades    | 3 |  3.5
Armour         | 1 |  1.1
Fighting       | |  2.7
Throwing       | |  2.2
Dodging        | |  2.6

Action                   |  1- 3 |  4- 6 || total
-------------------------+-------+-------++-------
Melee: Long sword        |    59 |    21 ||    80
       Kick              |    14 |     6 ||    20
  Eat: Chunk             |       |     2 ||     2
Armor: Leather armour    |    29 |    10 ||    39
Dodge: Dodged            |    36 |     7 ||    43
       Rpst.: Long sword |    14 |     4 ||    18
